 Dungeon Crawl Stone Soup version 0.18.1-50-g88ac8fd (webtiles) character file.

1785 lorenzova the Nimble (level 9, 0/73 HPs)
             Began as a Merfolk Gladiator on Oct 17, 2016.
             Slain by an orc warrior
             ... wielding a +2 trident of freezing
              (18 damage)
             ... on level 6 of the Dungeon.
             The game lasted 00:14:02 (7326 turns).

lorenzova the Nimble (Merfolk Gladiator)            Turns: 7326, Time: 00:14:03

Health: 0/73       AC: 11    Str: 17    XL:     9   Next: 8%
Magic:  9/9        EV: 10    Int:  7    God:
Gold:   283        SH:  0    Dex: 16    Spells: 0 memorised, 8 levels left

rFire  . . .     SeeInvis .     a - +0 trident
rCold  + . .     Gourm    .     i - +0 plate armour
rNeg   . . .     Faith    .     (no shield)
rPois  .         Spirit   .     c - +0 helmet
rElec  .         Dismiss  .     (no cloak)
rCorr  +         Reflect  .     (no gloves)
SustAt .         Harm     .     (no boots)
MR     .....                    (no amulet)
Stlth  ..........               b - ring of resist corrosion
                                j - ring of protection from cold

@: not resistant to hostile enchantments, extremely unstealthy
A: change form in water, swift swim
a: no special abilities


You were on level 6 of the Dungeon.
You were not hungry.

You visited 2 branches of the dungeon, and saw 7 of its levels.

You collected 283 gold pieces.

Inventory:

Hand Weapons
 a - a +0 trident (weapon)
Missiles
 d - 5 throwing nets (quivered)
Armour
 c - a +0 helmet (worn)
 i - a +0 plate armour (worn)
 n - a +0 leather armour
Jewellery
 b - a ring of resist corrosion (right hand)
 h - an uncursed ring of fire
 j - a ring of protection from cold (left hand)
 s - an uncursed amulet of magic regeneration
 y - an uncursed amulet of harm
 A - an uncursed ring of stealth {unknown}
Wands
 w - a wand of teleportation (3/9)
Scrolls
 e - 4 scrolls of remove curse
 l - a scroll of fear
 o - a scroll of fog {unknown}
 p - 5 scrolls of teleportation
 t - 2 scrolls of magic mapping {unknown}
 u - 2 scrolls of immolation {unknown}
Potions
 k - 2 potions of curing
 q - a potion of magic
 v - a potion of heal wounds
 x - a potion of lignification
 z - a potion of might {unknown}
 B - a potion of brilliance {unknown}
Comestibles
 f - 6 bread rations
 g - 7 fruits
 m - 2 beef jerkies
 r - 3 meat rations
 C - 3 chunks of flesh


   Skills:
 + Level 7.6 Fighting
 - Level 4.4 Polearms
 - Level 2.0 Throwing
 + Level 12.3 Dodging


You had 8 spell levels left.
You didn't know any spells.

Dungeon Overview and Level Annotations

Branches:
Dungeon (6/15)             Temple (1/1) D:6

Altars:
Cheibriados
Dithmenos
Gozag
Kikubaaqudgha
Makhleb
Nemelex Xobeh
Qazlal
Ru
Trog
Vehumet
Zin

Annotations:
D:6 Duraxyll's ghost, novice GrBe


Message History

The orc warrior barely misses you.
You closely miss the orc warrior.
The orc warrior is severely wounded.
The orc warrior barely misses you.
Your plate armour prevents you from hitting the orc warrior.
The orc warrior is severely wounded.
The orc warrior completely misses you.
You hit the orc warrior but do no damage.
The orc warrior is severely wounded.
The orc warrior closely misses you.
You hit the orc warrior.
The orc warrior is severely wounded.
The orc warrior hits you with a trident of freezing.
* * * LOW HITPOINT WARNING * * *
The orc warrior freezes you.
* * * LOW HITPOINT WARNING * * *
You closely miss the orc warrior.
The orc warrior is severely wounded.
The orc warrior hits you with a trident of freezing!!
You die...

...........................
...........................
...........................
...........................
...........................
...........................
...........................
...........................
..........@................
...........o...............
..............................
..............................
..............................
................(..)..........
..........._.(................
#.............................
#..............[..............


You could see an orc warrior.

Vanquished Creatures
  Menkaure (D:5)
  A hippogriff (D:4)
  An ice beast (D:6)
  An orc warrior (D:6)
  3 phantoms
  4 giant frogs
  A scorpion (D:6)
  A water moccasin skeleton (D:6)
  A howler monkey (D:5)
  A crimson imp (D:5)
  2 hounds
  A jelly (D:5)
  An orc priest (D:4)
  Jessica (D:2)
  2 giant frog skeletons
  An iguana (D:5)
  6 orc wizards
  5 worker ants
  A howler monkey zombie (D:5)
  6 adders
  2 oozes
  4 worms
  A dart slug (D:3)
  4 giant geckos
  14 orcs
  2 ball pythons
  3 bats (D:2)
  3 giant cockroaches
  11 goblins
  11 hobgoblins
  A quokka (D:6)
  4 giant newts
  A jackal zombie (D:5)
  11 kobolds
  5 rats
118 creatures vanquished.

Notes
Turn   | Place    | Note
--------------------------------------------------------------
     0 | D:1      | lorenzova the Merfolk Gladiator began the quest for the Orb.
     0 | D:1      | Reached XP level 1. HP: 16/16 MP: 1/1
   258 | D:1      | Reached XP level 2. HP: 18/23 MP: 2/2
   694 | D:1      | Reached skill level 5 in Dodging
   829 | D:1      | Reached XP level 3. HP: 28/28 MP: 3/3
  1059 | D:2      | Noticed Jessica
  1063 | D:2      | Killed Jessica
  1063 | D:2      | Reached XP level 4. HP: 34/34 MP: 4/4
  1340 | D:2      | Reached skill level 6 in Dodging
  1561 | D:3      | Found a faded altar to an unknown god.
  1599 | D:3      | Reached XP level 5. HP: 38/41 MP: 5/5
  1847 | D:3      | Reached skill level 7 in Dodging
  1972 | D:3      | Reached XP level 6. HP: 48/48 MP: 6/6
  2033 | D:3      | Found a radiant altar of Vehumet.
  2507 | D:4      | Found a bloodstained altar of Trog.
  2785 | D:4      | Noticed a hippogriff
  2815 | D:4      | Noticed a phantom
  2894 | D:4      | Killed a phantom
  2894 | D:4      | Reached skill level 8 in Dodging
  3034 | D:3      | Reached XP level 7. HP: 37/55 MP: 7/7
  3423 | D:4      | Reached skill level 5 in Fighting
  3488 | D:4      | Killed a hippogriff
  3488 | D:4      | Reached skill level 9 in Dodging
  4033 | D:5      | Entered Level 5 of the Dungeon
  4107 | D:5      | Reached skill level 10 in Dodging
  4142 | D:5      | Noticed Menkaure
  4426 | D:5      | Reached XP level 8. HP: 51/64 MP: 8/8
  4529 | D:5      | Killed Menkaure
  4747 | D:5      | Found a sacrificial altar of Ru.
  4846 | D:5      | Found a burning altar of Makhleb.
  4846 | D:5      | Found a glowing silver altar of Zin.
  4847 | D:5      | Noticed an angel
  4847 | D:5      | Noticed a blizzard demon
  4968 | D:6      | Found an opulent altar of Gozag.
  5016 | D:5      | Reached skill level 11 in Dodging
  5038 | D:6      | Noticed Duraxyll's ghost (novice GrBe)
  6153 | D:6      | Found a staircase to the Ecumenical Temple.
  6160 | Temple   | Entered the Ecumenical Temple
  6695 | D:6      | Reached skill level 12 in Dodging
  6695 | D:6      | Reached XP level 9. HP: 47/72 MP: 9/9
  7326 | D:6      | Slain by an orc warrior

Skill      XL: |  1  2  3  4  5  6  7  8 |
---------------+-------------------------+-----
Dodging        | 5 6 7 8 10 12 | 12.3
Fighting       | 3 4 5 7 |  7.6
Polearms       | |  4.4
Throwing       | |  2.0

Action                   |  1- 3 |  4- 6 |  7- 9 || total
-------------------------+-------+-------+-------++-------
Melee: Trident           |    70 |   194 |   356 ||   620
  Use: Scroll            |     3 |     3 |     5 ||    11
       Potion            |       |     2 |       ||     2
 Stab: Sleeping          |     3 |     3 |     2 ||     8
  Eat: Chunk             |       |     6 |    14 ||    20
       Fruit             |       |       |     1 ||     1
Armor: Leather armour    |     9 |    29 |    32 ||    70
       Plate armour      |       |       |    13 ||    13
Dodge: Dodged            |    38 |   133 |   251 ||   422
